3113 views
Uploaded 2019-12-01 20:39:57
Game version 1.32.0.2 / 1.32.0.2.1
23:56 long 3on3 ladder game on (8)Mur'gulOasis_LV
Saved by BEARAND
3113 views
Uploaded 2019-12-01 20:39:57
Game version 1.32.0.2 / 1.32.0.2.1
23:56 long 3on3 ladder game on (8)Mur'gulOasis_LV


70 units @ 5.6k
/ 0.1k
244 buildings @ 11k
/ 5.8k



| Scroll of Regeneration | 1 | 100 |
| Staff of Sanctuary | 3 | 750 |
| Orb of Fire | 2 | 650 |
| Boots of Speed | 3 | 750 |
| Staff of Teleportation | 5 | 750 |
| total: | 14 | 3000g |
| Peasant | 16 | 1200 | / | 0 |
| Priest | 1 | 135 | / | 10 |
| Dragonhawk Rider | 2 | 400 | / | 60 |
| total: | 19 | 1735g | / | 70w |
| Scout Tower | 80 | 2400 | / | 1600 |
| Arcane Tower | 5 | 350 | / | 250 |
| Guard Tower | 47 | 3290 | / | 2350 |
| Altar of Kings | 1 | 180 | / | 50 |
| Farm | 7 | 560 | / | 140 |
| Lumber Mill | 1 | 120 | / | 0 |
| Arcane Vault | 2 | 260 | / | 60 |
| Blacksmith | 1 | 140 | / | 60 |
| Barracks | 1 | 160 | / | 60 |
| Arcane Sanctum | 1 | 150 | / | 140 |
| Gryphon Aviary | 1 | 140 | / | 150 |
| Keep | 1 | 320 | / | 210 |
| Castle | 1 | 360 | / | 210 |
| total: | 95 | 4110g | / | 2260w |
| 0:01 | Peasant |
| 0:02 | Peasant |
| 0:07 | Altar of Kings |
| 0:12 | Peasant |
| 0:18 | Farm |
| 0:35 | Peasant |
| 0:45 | Peasant |
| 0:47 | Farm |
| 0:49 | Lumber Mill |
| 0:52 | Peasant |
| 1:02 | Peasant |
| 1:07 | Peasant |
| 1:10 | Scout Tower |
| 1:20 | Peasant |
| 1:31 | Peasant |
| 1:38 | Arcane Tower |
| 1:40 | Peasant |
| 1:47 | Scout Tower |
| 1:49 | Scout Tower |
| 1:51 | Peasant |
| 2:07 | Blizzard |
| 2:15 | Guard Tower |
| 2:20 | Peasant |
| 2:27 | Guard Tower |
| 2:29 | Scout Tower |
| 2:30 | Scout Tower |
| 2:31 | Peasant |
| 2:57 | Guard Tower |
| 2:58 | Scout Tower |
| 2:58 | Scout Tower |
| 3:10 | Scout Tower |
| 3:11 | Scout Tower |
| 3:25 | Peasant |
| 3:25 | Peasant |
| 3:28 | Arcane Tower |
| 3:28 | Guard Tower |
| 3:45 | Boots of Speed |
| 3:45 | Staff of Teleportation |
| 3:49 | Staff of Teleportation |
| 3:49 | Staff of Teleportation |
| 4:08 | Guard Tower |
| 4:50 | Keep |
| 4:53 | Farm |
| 4:54 | Farm |
| 5:05 | Scroll of Regeneration |
| 5:27 | Scout Tower |
| 5:29 | Scout Tower |
| 5:40 | Improved Masonry |
| 5:55 | Scout Tower |
| 5:55 | Scout Tower |
| 5:56 | Scout Tower |
| 5:56 | Scout Tower |
| 5:57 | Scout Tower |
| 5:57 | Scout Tower |
| 5:58 | Scout Tower |
| 5:58 | Scout Tower |
| 5:59 | Guard Tower |
| 6:05 | Guard Tower |
| 6:13 | Scout Tower |
| 6:14 | Scout Tower |
| 6:32 | Guard Tower |
| 6:33 | Guard Tower |
| 6:37 | Brilliance Aura |
| 7:15 | Guard Tower |
| 7:24 | Guard Tower |
| 7:29 | Guard Tower |
| 8:03 | Castle |
| 8:07 | Guard Tower |
| 8:31 | Storm Bolt |
| 8:39 | Arcane Sanctum |
| 8:40 | Farm |
| 9:05 | Guard Tower |
| 9:37 | Gryphon Aviary |
| 9:38 | Advanced Masonry |
| 9:39 | Improved Lumber Harvesting |
| 10:00 | Scout Tower |
| 10:01 | Scout Tower |
| 10:01 | Scout Tower |
| 10:02 | Scout Tower |
| 10:03 | Scout Tower |
| 10:03 | Scout Tower |
| 10:04 | Scout Tower |
| 10:32 | Guard Tower |
| 11:02 | Guard Tower |
| 11:24 | Guard Tower |
| 11:36 | Guard Tower |
| 11:39 | Guard Tower |
| 11:42 | Scout Tower |
| 11:43 | Scout Tower |
| 11:43 | Scout Tower |
| 11:44 | Scout Tower |
| 11:44 | Scout Tower |
| 11:45 | Scout Tower |
| 11:59 | Boots of Speed |
| 11:59 | Staff of Teleportation |
| 12:13 | Arcane Vault |
| 12:26 | Magic Sentry |
| 12:36 | Holy Light |
| 12:39 | Guard Tower |
| 12:39 | Guard Tower |
| 12:48 | Imbued Masonry |
| 13:02 | Guard Tower |
| 13:03 | Guard Tower |
| 13:32 | Boots of Speed |
| 14:02 | Staff of Teleportation |
| 14:12 | Staff of Sanctuary |
| 14:20 | Guard Tower |
| 14:26 | Scout Tower |
| 14:27 | Scout Tower |
| 14:46 | Scout Tower |
| 14:46 | Scout Tower |
| 15:13 | Scout Tower |
| 15:15 | Scout Tower |
| 15:15 | Scout Tower |
| 15:31 | Guard Tower |
| 15:32 | Guard Tower |
| 15:40 | Arcane Vault |
| 16:19 | Scout Tower |
| 16:20 | Scout Tower |
| 16:20 | Scout Tower |
| 16:21 | Scout Tower |
| 16:21 | Scout Tower |
| 16:21 | Scout Tower |
| 16:22 | Scout Tower |
| 16:33 | Scout Tower |
| 16:34 | Scout Tower |
| 16:34 | Scout Tower |
| 16:34 | Scout Tower |
| 16:48 | Staff of Sanctuary |
| 16:53 | Priest |
| 16:56 | Orb of Fire |
| 17:02 | Guard Tower |
| 17:10 | Guard Tower |
| 17:10 | Guard Tower |
| 17:21 | Guard Tower |
| 17:27 | Scout Tower |
| 17:28 | Scout Tower |
| 17:28 | Scout Tower |
| 17:29 | Scout Tower |
| 17:31 | Scout Tower |
| 17:31 | Scout Tower |
| 17:32 | Scout Tower |
| 17:33 | Scout Tower |
| 17:34 | Scout Tower |
| 17:34 | Scout Tower |
| 17:49 | Guard Tower |
| 18:54 | Bash |
| 19:09 | Blizzard |
| 19:18 | Guard Tower |
| 19:24 | Scout Tower |
| 19:25 | Scout Tower |
| 19:26 | Scout Tower |
| 19:26 | Scout Tower |
| 20:08 | Arcane Tower |
| 20:11 | Arcane Tower |
| 20:26 | Guard Tower |
| 20:30 | Scout Tower |
| 20:30 | Scout Tower |
| 20:31 | Scout Tower |
| 20:32 | Scout Tower |
| 20:32 | Scout Tower |
| 20:33 | Scout Tower |
| 20:36 | Blacksmith |
| 20:37 | Barracks |
| 20:39 | Farm |
| 20:39 | Farm |
| 20:42 | Cloud |
| 20:42 | Dragonhawk Rider |
| 20:47 | Scout Tower |
| 20:49 | Scout Tower |
| 20:50 | Scout Tower |
| 20:50 | Scout Tower |
| 20:51 | Scout Tower |
| 20:52 | Scout Tower |
| 20:52 | Scout Tower |
| 20:52 | Scout Tower |
| 21:36 | Guard Tower |
| 21:37 | Guard Tower |
| 21:41 | Dragonhawk Rider |
| 22:14 | Staff of Sanctuary |
| 22:22 | Orb of Fire |
| 22:30 | Guard Tower |
| 23:09 | Divine Shield |
| Right click | 2209 |
| Select | 628 |
| Select group | 375 |
| Build/train/purchase | 203 |
| Use ability | 85 |
| Assign group | 7 |
| Remove unit | 2 |
| Misc. action | 1 |
| Item give/drop | 1 |
| Minimap ping | 1 |



| Potion of Healing | 2 | 300 |
| Scroll of Regeneration | 1 | 100 |
| Staff of Sanctuary | 2 | 500 |
| Orb of Fire | 1 | 325 |
| Staff of Teleportation | 3 | 450 |
| total: | 9 | 1675g |
| Peasant | 29 | 2175 | / | 0 |
| total: | 29 | 2175g | / | 0w |
| Scout Tower | 61 | 1830 | / | 1220 |
| Guard Tower | 44 | 3080 | / | 2200 |
| Arcane Tower | 2 | 140 | / | 100 |
| Altar of Kings | 1 | 180 | / | 50 |
| Lumber Mill | 3 | 360 | / | 0 |
| Farm | 5 | 400 | / | 100 |
| Arcane Vault | 2 | 260 | / | 60 |
| Town Hall | 1 | 385 | / | 205 |
| Keep | 1 | 320 | / | 210 |
| Castle | 1 | 360 | / | 210 |
| total: | 73 | 3415g | / | 1635w |
| 0:01 | Peasant |
| 0:07 | Altar of Kings |
| 0:12 | Peasant |
| 0:25 | Peasant |
| 0:33 | Lumber Mill |
| 0:39 | Peasant |
| 0:47 | Peasant |
| 0:54 | Farm |
| 0:57 | Peasant |
| 1:27 | Peasant |
| 1:39 | Peasant |
| 1:41 | Farm |
| 1:47 | Scout Tower |
| 1:56 | Peasant |
| 1:58 | Scout Tower |
| 2:15 | Guard Tower |
| 2:17 | Scout Tower |
| 2:18 | Scout Tower |
| 2:22 | Blizzard |
| 2:30 | Scout Tower |
| 2:32 | Scout Tower |
| 2:33 | Peasant |
| 2:35 | Improved Masonry |
| 2:40 | Arcane Vault |
| 3:00 | Guard Tower |
| 3:02 | Scout Tower |
| 3:03 | Scout Tower |
| 3:23 | Peasant |
| 3:25 | Arcane Tower |
| 4:20 | Brilliance Aura |
| 4:46 | Guard Tower |
| 4:54 | Peasant |
| 4:54 | Peasant |
| 4:57 | Farm |
| 5:03 | Lumber Mill |
| 5:05 | Lumber Mill |
| 5:08 | Guard Tower |
| 5:23 | Peasant |
| 5:38 | Guard Tower |
| 5:52 | Scout Tower |
| 5:53 | Scout Tower |
| 5:55 | Scout Tower |
| 5:55 | Scout Tower |
| 6:02 | Peasant |
| 6:03 | Peasant |
| 6:49 | Keep |
| 6:51 | Farm |
| 7:09 | Guard Tower |
| 7:13 | Scout Tower |
| 7:13 | Scout Tower |
| 7:14 | Scout Tower |
| 7:15 | Scout Tower |
| 7:15 | Scout Tower |
| 7:16 | Scout Tower |
| 7:58 | Blizzard |
| 8:05 | Guard Tower |
| 8:12 | Scout Tower |
| 8:12 | Scout Tower |
| 8:13 | Scout Tower |
| 8:14 | Scout Tower |
| 8:34 | Staff of Teleportation |
| 8:41 | Guard Tower |
| 8:42 | Guard Tower |
| 8:43 | Scout Tower |
| 8:44 | Scout Tower |
| 8:45 | Scout Tower |
| 8:45 | Scout Tower |
| 9:06 | Guard Tower |
| 9:09 | Peasant |
| 9:10 | Peasant |
| 9:14 | Guard Tower |
| 9:33 | Arcane Vault |
| 9:44 | Guard Tower |
| 9:47 | Peasant |
| 9:47 | Peasant |
| 10:02 | Potion of Healing |
| 10:17 | Peasant |
| 10:18 | Peasant |
| 10:52 | Flame Strike |
| 11:01 | Peasant |
| 11:04 | Town Hall |
| 11:41 | Scout Tower |
| 11:43 | Scout Tower |
| 11:44 | Scout Tower |
| 11:45 | Scout Tower |
| 11:48 | Farm |
| 11:54 | Guard Tower |
| 11:55 | Scout Tower |
| 11:55 | Scout Tower |
| 11:56 | Scout Tower |
| 11:57 | Scout Tower |
| 11:57 | Scout Tower |
| 11:58 | Scout Tower |
| 11:58 | Scout Tower |
| 11:59 | Scout Tower |
| 12:26 | Castle |
| 12:36 | Peasant |
| 12:36 | Peasant |
| 12:43 | Guard Tower |
| 12:48 | Scout Tower |
| 12:48 | Scout Tower |
| 12:50 | Scout Tower |
| 12:50 | Scout Tower |
| 13:04 | Guard Tower |
| 13:09 | Guard Tower |
| 13:18 | Guard Tower |
| 13:26 | Guard Tower |
| 13:29 | Guard Tower |
| 13:31 | Guard Tower |
| 14:01 | Peasant |
| 14:08 | Guard Tower |
| 14:13 | Scout Tower |
| 14:14 | Scout Tower |
| 14:14 | Scout Tower |
| 14:16 | Scout Tower |
| 14:18 | Peasant |
| 14:19 | Peasant |
| 14:45 | Guard Tower |
| 15:19 | Guard Tower |
| 15:25 | Scroll of Regeneration |
| 15:28 | Potion of Healing |
| 15:31 | Staff of Sanctuary |
| 15:33 | Orb of Fire |
| 15:37 | Scout Tower |
| 15:40 | Scout Tower |
| 16:22 | Scout Tower |
| 16:23 | Scout Tower |
| 16:24 | Scout Tower |
| 16:24 | Scout Tower |
| 17:12 | Guard Tower |
| 17:27 | Scout Tower |
| 17:28 | Scout Tower |
| 17:31 | Scout Tower |
| 18:19 | Holy Light |
| 19:29 | Advanced Masonry |
| 19:30 | Improved Lumber Harvesting |
| 19:31 | Peasant |
| 20:22 | Staff of Teleportation |
| 20:53 | Brilliance Aura |
| 21:25 | Scout Tower |
| 21:26 | Scout Tower |
| 21:26 | Scout Tower |
| 21:37 | Staff of Teleportation |
| 21:51 | Scout Tower |
| 21:51 | Scout Tower |
| 21:51 | Scout Tower |
| 22:08 | Staff of Sanctuary |
| 23:28 | Siphon Mana |
| 23:39 | Divine Shield |
| Right click | 1807 |
| Select | 832 |
| Select group | 386 |
| Assign group | 282 |
| Build/train/purchase | 171 |
| Use ability | 63 |
| Minimap ping | 10 |
| Misc. action | 9 |
| Resource trade | 6 |
| Item give/drop | 4 |
| Esc | 1 |
iggythefisk
(23:49) : 


| Scroll of Regeneration | 1 | 100 |
| Lesser Clarity Potion | 1 | 70 |
| Mechanical Critter | 2 | 100 |
| Staff of Sanctuary | 3 | 750 |
| Orb of Fire | 3 | 975 |
| Boots of Speed | 3 | 750 |
| Staff of Teleportation | 3 | 450 |
| Circlet of Nobility | 1 | 175 |
| total: | 17 | 3370g |
| Peasant | 21 | 1575 | / | 0 |
| Priest | 1 | 135 | / | 10 |
| total: | 22 | 1710g | / | 10w |
| Scout Tower | 66 | 1980 | / | 1320 |
| Arcane Tower | 9 | 630 | / | 450 |
| Guard Tower | 28 | 1960 | / | 1400 |
| Altar of Kings | 1 | 180 | / | 50 |
| Farm | 3 | 240 | / | 60 |
| Lumber Mill | 1 | 120 | / | 0 |
| Arcane Vault | 3 | 390 | / | 90 |
| Town Hall | 1 | 385 | / | 205 |
| Arcane Sanctum | 1 | 150 | / | 140 |
| Keep | 1 | 320 | / | 210 |
| Castle | 1 | 360 | / | 210 |
| total: | 76 | 3445g | / | 1865w |
| 0:03 | Peasant |
| 0:04 | Altar of Kings |
| 0:14 | Peasant |
| 0:20 | Farm |
| 0:28 | Peasant |
| 0:39 | Lumber Mill |
| 0:41 | Peasant |
| 0:44 | Farm |
| 0:59 | Peasant |
| 1:13 | Peasant |
| 1:18 | Scout Tower |
| 1:22 | Peasant |
| 1:35 | Scout Tower |
| 1:43 | Arcane Tower |
| 1:46 | Scout Tower |
| 1:49 | Peasant |
| 1:50 | Peasant |
| 1:55 | Arcane Vault |
| 1:58 | Peasant |
| 2:04 | Storm Bolt |
| 2:09 | Peasant |
| 2:15 | Scout Tower |
| 2:18 | Peasant |
| 2:23 | Guard Tower |
| 2:37 | Peasant |
| 2:39 | Scout Tower |
| 3:07 | Peasant |
| 3:08 | Guard Tower |
| 3:15 | Bash |
| 3:24 | Guard Tower |
| 3:25 | Scout Tower |
| 3:25 | Scout Tower |
| 4:00 | Guard Tower |
| 4:49 | Scout Tower |
| 5:01 | Keep |
| 5:20 | Scout Tower |
| 5:44 | Guard Tower |
| 6:08 | Farm |
| 6:30 | Storm Bolt |
| 6:54 | Town Hall |
| 6:56 | Scout Tower |
| 6:57 | Scout Tower |
| 6:58 | Scout Tower |
| 6:59 | Scout Tower |
| 6:59 | Scout Tower |
| 7:00 | Scout Tower |
| 7:14 | Guard Tower |
| 7:18 | Scout Tower |
| 7:19 | Scout Tower |
| 7:20 | Scout Tower |
| 7:33 | Arcane Tower |
| 7:48 | Castle |
| 7:49 | Improved Lumber Harvesting |
| 7:49 | Improved Masonry |
| 7:53 | Guard Tower |
| 7:53 | Guard Tower |
| 7:55 | Scout Tower |
| 7:56 | Scout Tower |
| 7:56 | Scout Tower |
| 7:57 | Scout Tower |
| 7:57 | Scout Tower |
| 7:57 | Scout Tower |
| 7:58 | Scout Tower |
| 7:58 | Scout Tower |
| 8:32 | Boots of Speed |
| 8:45 | Holy Light |
| 8:47 | Scroll of Regeneration |
| 8:47 | Lesser Clarity Potion |
| 8:47 | Mechanical Critter |
| 8:48 | Mechanical Critter |
| 8:58 | Guard Tower |
| 9:00 | Arcane Tower |
| 9:00 | Guard Tower |
| 9:01 | Scout Tower |
| 9:02 | Scout Tower |
| 9:03 | Scout Tower |
| 9:03 | Scout Tower |
| 9:19 | Guard Tower |
| 9:57 | Arcane Tower |
| 9:58 | Peasant |
| 9:58 | Peasant |
| 9:58 | Peasant |
| 9:58 | Peasant |
| 10:10 | Guard Tower |
| 10:19 | Boots of Speed |
| 10:20 | Staff of Teleportation |
| 11:06 | Guard Tower |
| 11:09 | Arcane Sanctum |
| 11:11 | Peasant |
| 11:11 | Peasant |
| 11:11 | Peasant |
| 11:12 | Guard Tower |
| 11:38 | Guard Tower |
| 11:41 | Arcane Vault |
| 11:43 | Scout Tower |
| 11:44 | Scout Tower |
| 11:45 | Scout Tower |
| 11:47 | Advanced Masonry |
| 11:47 | Advanced Lumber Harvesting |
| 12:29 | Scout Tower |
| 12:30 | Scout Tower |
| 12:30 | Scout Tower |
| 12:33 | Scout Tower |
| 12:33 | Scout Tower |
| 12:33 | Scout Tower |
| 12:36 | Divine Shield |
| 12:55 | Bash |
| 13:05 | Siphon Mana |
| 13:11 | Magic Sentry |
| 13:18 | Arcane Tower |
| 13:21 | Boots of Speed |
| 13:21 | Staff of Teleportation |
| 13:35 | Arcane Vault |
| 13:36 | Scout Tower |
| 13:36 | Scout Tower |
| 13:37 | Scout Tower |
| 13:43 | Guard Tower |
| 14:16 | Guard Tower |
| 14:18 | Scout Tower |
| 14:19 | Scout Tower |
| 14:19 | Scout Tower |
| 14:20 | Scout Tower |
| 14:21 | Scout Tower |
| 14:21 | Scout Tower |
| 14:58 | Guard Tower |
| 15:01 | Priest Adept Training |
| 15:02 | Priest |
| 15:04 | Arcane Tower |
| 15:08 | Staff of Sanctuary |
| 15:09 | Orb of Fire |
| 15:12 | Guard Tower |
| 15:16 | Staff of Sanctuary |
| 15:16 | Orb of Fire |
| 15:35 | Staff of Teleportation |
| 16:06 | Guard Tower |
| 16:07 | Scout Tower |
| 16:08 | Scout Tower |
| 16:09 | Scout Tower |
| 16:09 | Scout Tower |
| 16:35 | Guard Tower |
| 16:38 | Circlet of Nobility |
| 16:59 | Guard Tower |
| 17:02 | Scout Tower |
| 17:02 | Scout Tower |
| 17:26 | Orb of Fire |
| 17:26 | Staff of Sanctuary |
| 18:17 | Banish |
| 18:32 | Holy Light |
| 18:55 | Guard Tower |
| 18:57 | Scout Tower |
| 18:57 | Scout Tower |
| 18:57 | Scout Tower |
| 19:32 | Arcane Tower |
| 20:16 | Guard Tower |
| 20:20 | Scout Tower |
| 20:20 | Scout Tower |
| 20:21 | Scout Tower |
| 20:32 | Scout Tower |
| 20:33 | Scout Tower |
| 20:33 | Scout Tower |
| 20:34 | Scout Tower |
| 20:41 | Guard Tower |
| 20:42 | Scout Tower |
| 20:43 | Scout Tower |
| 23:39 | Guard Tower |
| 23:43 | Guard Tower |
| Right click | 1417 |
| Select group | 1025 |
| Select | 360 |
| Assign group | 266 |
| Build/train/purchase | 149 |
| Use ability | 104 |
| Misc. action | 32 |
| Resource trade | 17 |
| Chat | 9 |
| Item give/drop | 7 |
| Minimap ping | 1 |
100 units @ 15.5k
/ 2.2k
63 buildings @ 8.8k
/ 3.3k


| Healing Salve | 1 | 100 |
| Circlet of Nobility | 1 | 175 |
| total: | 2 | 275g |
| Peon | 13 | 975 | / | 0 |
| Grunt | 6 | 1200 | / | 0 |
| Troll Headhunter | 5 | 700 | / | 100 |
| Demolisher | 4 | 880 | / | 200 |
| Raider | 5 | 900 | / | 200 |
| Kodo Beast | 1 | 255 | / | 60 |
| total: | 34 | 4910g | / | 560w |
| Watch Tower | 5 | 550 | / | 400 |
| Altar of Storms | 1 | 180 | / | 50 |
| Barracks | 2 | 360 | / | 100 |
| Orc Burrow | 6 | 960 | / | 240 |
| War Mill | 1 | 205 | / | 0 |
| Voodoo Lounge | 1 | 130 | / | 30 |
| Great Hall | 1 | 385 | / | 185 |
| Beastiary | 2 | 290 | / | 280 |
| Stronghold | 1 | 315 | / | 190 |
| Fortress | 1 | 325 | / | 190 |
| total: | 19 | 3060g | / | 1285w |
| 0:02 | Peon |
| 0:07 | Altar of Storms |
| 0:15 | Peon |
| 0:22 | Peon |
| 0:29 | Barracks |
| 0:42 | Orc Burrow |
| 0:44 | Peon |
| 0:59 | Peon |
| 1:28 | War Mill |
| 1:33 | Peon |
| 1:52 | Orc Burrow |
| 1:56 | Peon |
| 2:03 | Peon |
| 2:16 | Grunt |
| 2:36 | Endurance Aura |
| 2:42 | Grunt |
| 3:06 | Peon |
| 3:08 | Troll Headhunter |
| 3:24 | Troll Headhunter |
| 3:37 | Watch Tower |
| 3:45 | Troll Headhunter |
| 3:59 | Orc Burrow |
| 4:24 | Steel Ranged Weapons |
| 4:28 | Voodoo Lounge |
| 4:32 | Barracks |
| 5:02 | Troll Headhunter |
| 5:04 | Stronghold |
| 5:16 | Grunt |
| 6:07 | Grunt |
| 6:10 | Healing Salve |
| 6:18 | War Stomp |
| 6:23 | Steel Armor |
| 6:35 | Orc Burrow |
| 7:14 | Grunt |
| 7:16 | Troll Headhunter |
| 7:29 | Circlet of Nobility |
| 7:44 | Demolisher |
| 7:55 | Pillage |
| 8:11 | Beastiary |
| 8:20 | Orc Burrow |
| 9:28 | Berserker Strength |
| 9:33 | Ensnare |
| 9:34 | Raider |
| 9:34 | Raider |
| 9:35 | Raider |
| 9:46 | War Stomp |
| 10:25 | Grunt |
| 10:27 | Raider |
| 10:27 | Raider |
| 11:27 | Fortress |
| 12:37 | Orc Burrow |
| 13:46 | Great Hall |
| 14:23 | Healing Wave |
| 14:29 | Steel Melee Weapons |
| 14:30 | Thorium Armor |
| 15:09 | Watch Tower |
| 15:12 | Watch Tower |
| 15:12 | Watch Tower |
| 15:14 | Watch Tower |
| 15:28 | War Drums Damage Increase |
| 16:20 | Hex |
| 16:28 | Burning Oil |
| 16:28 | Demolisher |
| 16:37 | Peon |
| 16:37 | Peon |
| 16:37 | Peon |
| 16:55 | Endurance Aura |
| 17:02 | Kodo Beast |
| 17:11 | Peon |
| 19:35 | Envenomed Spears |
| 21:10 | Beastiary |
| 21:51 | Demolisher |
| 21:52 | Demolisher |
| 22:14 | Thorium Ranged Weapons |
| 22:17 | Thorium Melee Weapons |
| 22:17 | Arcanite Armor |
| Right click | 667 |
| Select group | 414 |
| Select | 319 |
| Misc. action | 100 |
| Build/train/purchase | 69 |
| Use ability | 34 |
| Assign group | 26 |
| Minimap ping | 7 |
| Remove unit | 5 |
| Item give/drop | 1 |


| Orb of Fire | 1 | 325 |
| Lesser Clarity Potion | 1 | 70 |
| Potion of Healing | 1 | 150 |
| Scroll of Regeneration | 3 | 300 |
| total: | 6 | 845g |
| Peasant | 14 | 1050 | / | 0 |
| Footman | 6 | 810 | / | 0 |
| Knight | 10 | 2450 | / | 600 |
| Rifleman | 1 | 205 | / | 30 |
| Mortar Team | 5 | 900 | / | 350 |
| total: | 36 | 5415g | / | 980w |
| Scout Tower | 5 | 150 | / | 100 |
| Arcane Tower | 2 | 140 | / | 100 |
| Guard Tower | 2 | 140 | / | 100 |
| Altar of Kings | 1 | 180 | / | 50 |
| Farm | 13 | 1040 | / | 260 |
| Barracks | 3 | 480 | / | 180 |
| Lumber Mill | 1 | 120 | / | 0 |
| Arcane Vault | 1 | 130 | / | 30 |
| Blacksmith | 1 | 140 | / | 60 |
| Town Hall | 2 | 770 | / | 410 |
| Workshop | 1 | 140 | / | 140 |
| Keep | 1 | 320 | / | 210 |
| Castle | 2 | 720 | / | 420 |
| total: | 28 | 3150g | / | 1230w |
| 0:03 | Peasant |
| 0:03 | Peasant |
| 0:03 | Peasant |
| 0:09 | Altar of Kings |
| 0:13 | Farm |
| 0:22 | Barracks |
| 0:24 | Peasant |
| 0:48 | Peasant |
| 1:07 | Peasant |
| 1:09 | Peasant |
| 1:13 | Farm |
| 1:23 | Footman |
| 1:43 | Footman |
| 2:00 | Farm |
| 2:02 | Farm |
| 2:05 | Farm |
| 2:07 | Peasant |
| 2:09 | Footman |
| 2:21 | Summon Water Elemental |
| 2:48 | Keep |
| 2:53 | Farm |
| 2:54 | Farm |
| 3:18 | Footman |
| 3:30 | Scout Tower |
| 3:50 | Lumber Mill |
| 3:56 | Farm |
| 4:02 | Arcane Vault |
| 4:15 | Footman |
| 4:35 | Brilliance Aura |
| 4:41 | Arcane Tower |
| 5:12 | Castle |
| 5:17 | Improved Lumber Harvesting |
| 5:44 | Barracks |
| 5:51 | Barracks |
| 6:05 | Footman |
| 6:19 | Blacksmith |
| 6:25 | Scout Tower |
| 6:27 | Scout Tower |
| 6:52 | Soul Burn |
| 7:02 | Guard Tower |
| 7:38 | Knight |
| 7:49 | Orb of Fire |
| 7:49 | Lesser Clarity Potion |
| 7:50 | Potion of Healing |
| 7:51 | Scroll of Regeneration |
| 7:57 | Advanced Lumber Harvesting |
| 8:14 | Knight |
| 8:33 | Sundering Blades |
| 8:48 | Summon Water Elemental |
| 9:07 | Rifleman |
| 9:08 | Knight |
| 9:34 | Knight |
| 9:37 | Iron Forged Swords |
| 9:38 | Iron Plating |
| 10:06 | Incinerate |
| 10:20 | Farm |
| 10:22 | Farm |
| 11:22 | Knight |
| 12:41 | Animal War Training |
| 12:44 | Steel Forged Swords |
| 13:00 | Soul Burn |
| 13:00 | Soul Burn |
| 13:18 | Blizzard |
| 13:28 | Knight |
| 13:28 | Knight |
| 13:30 | Farm |
| 13:31 | Farm |
| 13:35 | Farm |
| 13:40 | Town Hall |
| 14:40 | Incinerate |
| 14:54 | Knight |
| 15:00 | Workshop |
| 15:31 | Scroll of Regeneration |
| 15:31 | Scroll of Regeneration |
| 15:39 | Town Hall |
| 16:48 | Mortar Team |
| 16:48 | Mortar Team |
| 16:48 | Fragmentation Shards |
| 16:53 | Blizzard |
| 17:21 | Scout Tower |
| 17:27 | Scout Tower |
| 18:54 | Mortar Team |
| 18:54 | Mortar Team |
| 18:54 | Mortar Team |
| 19:01 | Peasant |
| 19:01 | Peasant |
| 19:32 | Peasant |
| 19:55 | Black Gunpowder |
| 19:56 | Studded Leather Armor |
| 21:09 | Knight |
| 21:09 | Knight |
| 21:29 | Guard Tower |
| 22:28 | Peasant |
| 22:29 | Peasant |
| 22:29 | Peasant |
| Right click | 1291 |
| Select | 426 |
| Select group | 362 |
| Misc. action | 334 |
| Build/train/purchase | 149 |
| Assign group | 42 |
| Use ability | 40 |
| Minimap ping | 14 |
| Esc | 4 |
| Item give/drop | 1 |


| Healing Salve | 4 | 400 |
| Lesser Clarity Potion | 1 | 70 |
| Scroll of Speed | 1 | 50 |
| Potion of Healing | 1 | 150 |
| Circlet of Nobility | 1 | 175 |
| total: | 8 | 845g |
| Peon | 8 | 600 | / | 0 |
| Grunt | 8 | 1600 | / | 0 |
| Demolisher | 7 | 1540 | / | 350 |
| Raider | 2 | 360 | / | 80 |
| Kodo Beast | 1 | 255 | / | 60 |
| Troll Batrider | 2 | 320 | / | 80 |
| Wind Rider | 2 | 530 | / | 80 |
| total: | 30 | 5205g | / | 650w |
| Altar of Storms | 1 | 180 | / | 50 |
| Orc Burrow | 8 | 1280 | / | 320 |
| Barracks | 2 | 360 | / | 100 |
| Voodoo Lounge | 1 | 130 | / | 30 |
| War Mill | 2 | 410 | / | 0 |
| Beastiary | 1 | 145 | / | 140 |
| Tauren Totem | 1 | 135 | / | 155 |
| Stronghold | 2 | 630 | / | 380 |
| Fortress | 1 | 325 | / | 190 |
| total: | 16 | 2640g | / | 795w |
| 0:02 | Peon |
| 0:05 | Altar of Storms |
| 0:09 | Peon |
| 0:20 | Orc Burrow |
| 0:23 | Peon |
| 0:36 | Barracks |
| 0:49 | Peon |
| 1:06 | Peon |
| 1:20 | Peon |
| 1:28 | Orc Burrow |
| 1:39 | Grunt |
| 1:39 | Grunt |
| 1:49 | Voodoo Lounge |
| 1:58 | Peon |
| 2:14 | Critical Strike |
| 2:20 | Grunt |
| 2:50 | Orc Burrow |
| 3:04 | Grunt |
| 3:23 | Stronghold |
| 3:51 | War Mill |
| 3:54 | War Mill |
| 4:08 | Wind Walk |
| 4:20 | Grunt |
| 4:24 | Healing Salve |
| 4:24 | Lesser Clarity Potion |
| 4:35 | Healing Salve |
| 4:36 | Scroll of Speed |
| 5:59 | Grunt |
| 6:03 | Steel Ranged Weapons |
| 6:12 | Beastiary |
| 6:17 | Healing Salve |
| 6:21 | Berserker Strength |
| 7:08 | Demolisher |
| 7:28 | Healing Wave |
| 7:33 | Orc Burrow |
| 7:36 | Orc Burrow |
| 7:59 | Wind Walk |
| 8:00 | Circlet of Nobility |
| 8:21 | Barracks |
| 8:42 | Raider |
| 8:44 | Kodo Beast |
| 9:02 | Demolisher |
| 9:36 | Demolisher |
| 9:41 | Fortress |
| 9:44 | Thorium Ranged Weapons |
| 10:19 | Demolisher |
| 12:04 | Demolisher |
| 12:06 | Burning Oil |
| 12:07 | Arcanite Ranged Weapons |
| 12:42 | Orc Burrow |
| 13:09 | Peon |
| 13:13 | Troll Batrider |
| 13:25 | Orc Burrow |
| 14:08 | Demolisher |
| 14:09 | Demolisher |
| 14:29 | Raider |
| 14:32 | Steel Armor |
| 15:28 | Hex |
| 15:36 | Grunt |
| 15:37 | Grunt |
| 16:32 | Healing Salve |
| 16:32 | Potion of Healing |
| 16:50 | Troll Batrider |
| 17:57 | Steel Melee Weapons |
| 18:15 | Orc Burrow |
| 19:24 | Tauren Totem |
| 20:13 | Envenomed Spears |
| 21:09 | Pulverize |
| 21:35 | Wind Rider |
| 21:35 | Wind Rider |
| Right click | 1168 |
| Select group | 661 |
| Select | 564 |
| Misc. action | 120 |
| Build/train/purchase | 86 |
| Use ability | 39 |
| Assign group | 22 |
| Minimap ping | 14 |
| Item give/drop | 2 |
| Remove unit | 1 |
| Esc | 1 |